 Dungeon Crawl Stone Soup version 0.26.1-11-gd32895ea62 (webtiles) character file.

Game seed: 2567605033819939107

198 raph the Chiller (level 5, -2/28 HPs)
             Began as a Deep Elf Ice Elementalist on Apr 14, 2021.
             Slain by Grinder (4 damage)
             ... while paralysed by Grinder
             ... on level 4 of the Dungeon.
             The game lasted 00:07:28 (3883 turns).

raph the Chiller (Deep Elf Ice Elementalist)        Turns: 3883, Time: 00:07:29

Health: -2/28      AC:  3    Str:  5    XL:     5   Next: 47%
Magic:  7/12       EV:  2    Int: 21    God:
Gold:   157        SH:  0    Dex: 15    Spells: 4/11 levels left

rFire    . . .     SeeInvis .   a - +3 short sword (protect)
rCold    . . .     Faith    .   (no shield)
rNeg     . . .     Spirit   .   g - +1 robe
rPois    .         Reflect  .   (no helmet)
rElec    .         Harm     .   (no cloak)
rCorr    .         Rampage  .   (no gloves)
Will     .....                  (no boots)
Stlth    ++........             (no amulet)
HPRegen  0.09/turn              (no ring)
MPRegen  0.13/turn              (no ring)

@: paralysed
A: no striking features
a: no special abilities


You were on level 4 of the Dungeon.
You visited 1 branch of the dungeon, and saw 4 of its levels.

You collected 157 gold pieces.

Inventory:

Hand Weapons
 a - a +3 short sword of protection (weapon)
 b - a +0 short sword
Armour
 g - a +1 robe (worn)
Scrolls
 e - a scroll of identify
 i - a scroll of remove curse
 j - a scroll of enchant weapon
 k - 2 scrolls of magic mapping
Potions
 f - 3 potions of curing


   Skills:
 + Level 3.2 Dodging
 + Level 3.4 Stealth
 - Level 3.6 Spellcasting
 * Level 6.6 Ice Magic


You had 4 spell levels left.
You knew the following spells:

 Your Spells              Type           Power        Failure   Level
a - Freeze                Ice            100%         1%          1
b - Frozen Ramparts       Ice            62%          2%          3
c - Ozocubu's Armour      Ice            31%          2%          3

Your spell library contained the following spells:

 Spells                   Type           Power        Failure   Level
 Hailstorm                Conj/Ice       17%          32%         4
 Summon Ice Beast         Ice/Summ       17%          32%         4


Dungeon Overview and Level Annotations

Branches:
Dungeon (4/15)
 Temple: D:4-7

Altars:
Xom

Annotations:
D:4 Grinder


Message History

Unknown command.
You hit Grinder.
Grinder is moderately wounded.
Grinder completely resists.
The wall freezes Grinder but does no damage.
Grinder gestures at you.
You suddenly lose the ability to move!
Grinder completely resists.
The wall freezes Grinder but does no damage.
Grinder gestures at you. You resist with significant effort.
Grinder resists.
The wall freezes Grinder.
Grinder hits you.
You writhe in agony.
Grinder resists.
The wall freezes Grinder.
Grinder hits you but does no damage.
The frozen ramparts melt away.
Grinder hits you but does no damage. Grinder hits you!
You writhe in agony.
Your magical contamination has completely faded away.
Grinder hits you!
* * * LOW HITPOINT WARNING * * *
You writhe in agony.
You die...

,,,*,,,,,,*.......#+######**,,,,*
,,,*,,,,,,*................*,,,,*
,,,*,,,,,,*................+,,,,*
,,,*,,,,,,*................#,,,,*
,,,*,,,,,>*................#,,,,*
,,,*,,,,,,*...5............#,,,,*
,,**,,,,***................#,,,,*
,,**,,,,*#########.........#,,,,*
,,,,,,,,,.......@5.........#,,,,*
,,,,,,,,,........#.........#*****
,,,,,,,,,........####'##.........
,,**,,,,*..########...)#.........
,,*******#*,,,,,,,#....#.........
,,,* *,,,,,,,#....#......... ,,,*
*,,,,,,,#....#......... ,,,*
*,,,,,,,#....#......... ,,,*
*,,,,,,,#....#.........


You could see Grinder.

Vanquished Creatures
  A bullfrog (D:3)
  Terence (D:2)
  4 adders
  2 oozes
  4 worms
  A dart slug (D:1)
  3 leopard geckos
  An orc (D:3)
  4 bats
  2 giant cockroaches (D:3)
  7 goblins
  6 hobgoblins
  2 jackals (D:2)
  2 quokkas (D:3)
  3 frilled lizards
  4 kobolds
  5 rats
52 creatures vanquished.

Notes
Turn   | Place    | Note
-------+----------+-------------------------------------------
     0 | D:1      | raph the Deep Elf Ice Elementalist began the quest for the
                  | Orb.
     0 | D:1      | Reached XP level 1. HP: 10/10 MP: 6/6
   368 | D:1      | Reached XP level 2. HP: 13/15 MP: 5/8
  1107 | D:2      | Reached XP level 3. HP: 19/19 MP: 6/9
  1196 | D:2      | Reached skill level 5 in Ice Magic
  1442 | D:2      | Found a shimmering altar of Xom.
  1528 | D:2      | Learned a level 3 spell: Frozen Ramparts
  1532 | D:2      | Learned a level 3 spell: Ozocubu's Armour
  1724 | D:2      | Noticed Terence
  1736 | D:2      | Killed Terence
  1737 | D:2      | Reached XP level 4. HP: 24/24 MP: 4/11
  2329 | D:2      | You fall into a shaft and drop 1 floor!
  2394 | D:3      | Noticed a bullfrog
  2404 | D:3      | Killed a bullfrog
  2405 | D:3      | Reached skill level 6 in Ice Magic
  2405 | D:3      | Reached XP level 5. HP: 22/28 MP: 6/12
  3869 | D:4      | Noticed Grinder
  3878 | D:4      | Paralysed by Grinder for 6 turns
  3883 | D:4      | Slain by Grinder

Illustrated notes

Levels and vault maps discovered:
D:1:      psy_arrival_conway, layout_rooms, kennysheep_doodads,
          patterned_corridor
D:2:      layout_basic, nicolae_overflow_crystal_walls, uniq_terence
D:3:      wander_river, layout_loops_ring
D:4:      layout_gridville, nicolae_ru_great_annihilating_truth,
          elyvilon_altar_5, uniq_grinder, uniq_ijyb

Skill      XL: |  1  2  3  4 |
---------------+-------------+-----
Stealth        | 3 |  3.4
Dodging        | 3 |  3.2
Ice Magic      | 5 6 |  6.6
Spellcasting   | |  3.6

Action                   |  1- 3 |  4- 6 || total
-------------------------+-------+-------++-------
Melee: Short sword       |    33 |    52 ||    85
 Cast: Freeze            |    35 |     4 ||    39
       Frozen Ramparts   |     1 |    11 ||    12
       Ozocubu's Armour  |     1 |       ||     1
  Use: Scroll            |       |     8 ||     8
 Stab: Sleeping          |     3 |     3 ||     6
       Distracted        |       |     1 ||     1
Armor: Robe              |    18 |     8 ||    26
Dodge: Dodged            |    30 |    32 ||    62
